 Dungeon Crawl Stone Soup version 0.17-a0-1637-g5d65775 (webtiles) character file.

67 LilCorpsy the Insei (level 4, 32/32 HPs)
             Began as a Human Transmuter on Aug 7, 2015.
             Quit the game on level 3 of the Dungeon.
             The game lasted 00:08:10 (2280 turns).

LilCorpsy the Insei (Human Transmuter)              Turns: 2280, Time: 00:08:10

Health: 32/32      AC:  3    Str: 10      XL:     4   Next: 40%
Magic:  6/6        EV: 12    Int: 14      God:
Gold:   127        SH:  0    Dex: 11 (14) Spells: 2 memorised, 4 levels left

rFire  . . .     SeeInvis .       - Unarmed
rCold  + . .     Clarity  .     b - +0 robe
rNeg   . . .     SustAt   .     (no shield)
rPois  .         Gourm    .     (helmet restricted)
rElec  +         Spirit   .     (no cloak)
rCorr  .         Warding  .     (no gloves)
rMut   .         Stasis   .     k - +0 pair of boots
MR     .....                    (no amulet)
Stlth  +.........               (no ring)
                                l - ring of protection from cold

@: not resistant to hostile enchantments, very unstealthy
A: horns 1, low mp 1, electricity resistance
a: no special abilities


You were on level 3 of the Dungeon.
You were very hungry.

You visited 1 branch of the dungeon, and saw 3 of its levels.

You collected 127 gold pieces.

Inventory:

Missiles
 a - 30 arrows
Armour
 b - a +0 robe (worn)
 k - a +0 pair of boots (worn)
Jewellery
 l - a ring of protection from cold (left hand)
Scrolls
 g - a scroll of noise {unknown}
 i - a scroll of teleportation {unknown}
 m - a scroll of magic mapping {unknown}
 n - a scroll of enchant weapon
 o - 2 scrolls of remove curse
 p - a scroll of identify {unknown}
 q - a scroll of random uselessness {unknown}
 s - 2 scrolls of immolation {unknown}
Potions
 f - a potion of curing
Books
 c - a book of Changes

   Spells                             Type                      Level
   a - Beastly Appendage              Transmutation                1
   b - Sticks to Snakes               Transmutation                2
   c - Spider Form                    Transmutation/Poison         3
   d - Ice Form                       Ice/Transmutation            4
   e - Blade Hands                    Transmutation                5
 e - a Necronomicon

   Spells                             Type                      Level
   a - Haunt                          Necromancy/Summoning         7
   b - Borgnjor's Revivification      Necromancy                   8
   c - Death's Door                   Charms/Necromancy            8
   d - Necromutation                  Transmutation/Necromancy     8
Comestibles
 d - 2 bread rations
 j - a meat ration


   Skills:
 - Level 1.0 Fighting
 - Level 2.0 Dodging
 + Level 3.7 Unarmed Combat
 + Level 2.5 Spellcasting
 * Level 3.2 Transmutations


You had 4 spell levels left.
You knew the following spells:

 Your Spells              Type           Power        Failure   Level  Hunger
a - Beastly Appendage     Trmt           ##....       10%         1    #......
b - Spider Form           Trmt/Pois      #.........   38%         3    ###....


Dungeon Overview and Level Annotations

Branches:
Dungeon (3/15)

Altars:
Fedhas
Nemelex Xobeh
Ru


Innate Abilities, Weirdness & Mutations

You have a pair of small horns on your head.
Your magical capacity is low (-10% MP).
You are resistant to electric shocks.


Message History

Your transformation is almost over.
You start resting.
Your transformation has ended.
Your +0 pair of boots unmelds from your body.
Your +0 robe unmelds from your body.
You start resting.
Magic restored.
You start resting.
You are feeling hungry.
You start resting.
HP restored.
Things that are here:
an enchanted short sword; a kobold skeleton You are feeling very hungry.
o - 2 scrolls of remove curse (gained 1)
There are no items here.
s - 2 scrolls labeled ENKILI KOIDDUBB (gained 1)
There are no items here.
Unknown command.
Are you sure you want to abandon this character and quit the game? (Confirm with "yes".)

#.#.# .#.#
#######.#.##########.#.##
.....รท.....).............
....###.#.))...........#
..#.# #.#..............#
..#..##.#..............#
..##.##.#..............#
..# ..#.#..............#
..# #.#.#.......@........
... .#.#.............###
#### #................ .
#.#.######.#+##.. . #+ .#
.. .# .#


There were no monsters in sight!

Vanquished Creatures
  2 adders
  A gnoll (D:1)
  An ooze (D:2)
  A worm (D:2)
  An orc (D:3)
  A giant cockroach (D:1)
  5 goblins
  7 hobgoblins
  5 kobolds
  A ball python (D:1)
  5 bats
  A giant gecko (D:1)
  2 giant newts (D:1)
  2 rats
35 creatures vanquished.

Notes
Turn   | Place    | Note
--------------------------------------------------------------
     0 | D:1      | LilCorpsy the Human Transmuter began the quest for the Orb.
     0 | D:1      | Reached XP level 1. HP: 15/15 MP: 3/3
    37 | D:1      | Reached XP level 2. HP: 15/21 MP: 3/5
   598 | D:1      | Reached XP level 3. HP: 21/26 MP: 4/6
   886 | D:1      | Learned a level 3 spell: Spider Form
   968 | D:2      | Gained mutation: You have a pair of small horns on your head. [potion of mutation]
   968 | D:2      | Gained mutation: You are resistant to electric shocks. [potion of mutation]
   968 | D:2      | Gained mutation: Your magical capacity is low (-10% MP). [potion of mutation]
  1060 | D:2      | Found a blossoming altar of Fedhas.
  1400 | D:2      | Reached XP level 4. HP: 22/32 MP: 3/6
  1664 | D:2      | Found a sacrificial altar of Ru.
  1664 | D:2      | Found a sparkling altar of Nemelex Xobeh.
  2280 | D:3      | Quit the game

Vault maps used:
D:1:      mrwooster_arrival_arrow, hangedman_decor_clover_reticule
D:2:      fedhas_altar_4, gammafunk_temple_overflow_elements
D:3:      old_standard_altar

Action                   |  1- 3 |  4- 6 || total
-------------------------+-------+-------++-------
Melee: Unarmed           |   106 |    22 ||   128
 Cast: Beastly Appendage |    11 |       ||    11
       Spider Form       |     6 |     5 ||    11
  Use: Scroll            |     6 |       ||     6
       Potion            |     3 |     3 ||     6
 Stab: Sleeping          |     1 |       ||     1
  Eat: Meat ration       |     1 |       ||     1
